 Dungeon Crawl Stone Soup version 0.26-a0-466-g989023bd0d (webtiles) character file.

Game seed: 9104606272845571832

513996 1player the Commander (level 26, 0/256 (264) HPs)
             Began as a Halfling Hunter on Aug 13, 2020.
             Was a High Priest of Okawaru.
             Succumbed to poison (dark miasma)
             ... on level 4 of the Abyss on Aug 14, 2020.
             The game lasted 04:06:30 (83882 turns).

1player the Commander (Halfling Hunter)            Turns: 83882, Time: 04:06:31

HP:   0/256 (264)   AC: 21    Str: 18    XL:     26   Next: 96%
MP:   39/39         EV: 34    Int: 14    God:    Okawaru [*****.]
Gold: 810           SH:  9    Dex: 22    Spells: 19/25 levels left

rFire    + + .     SeeInvis +   w - +7 captain's cutlass {speed, disarm}
rCold    . . .     Faith    .   D - +2 buckler {AC+3}
rNeg     . . .     Spirit   .   O - +1 faerie dragon scales {rF++ rCorr HP+5 SInv}
rPois    .         Reflect  .   f - +1 helmet {SInv}
rElec    .         Harm     .   E - +2 cloak {MR+}
rCorr    +                      z - +2 pair of gloves {archery}
MR       ++++.                  U - +0 pair of boots {run}
Stlth    ..........             S - amulet "Ocvososk" {Acrobat MR++ Int+5 Dex-4}
HPRegen  0.00/turn              t - ring of Coojusch {Wiz +Blink Str+4}
MPRegen  0.26/turn              v - +4 ring of slaying

@: berserking, lethally poisoned (0 -> -210), non-regenerating, badly diseased,
slowed, quick
A: small, frail 1, mutation resistance 1, subdued magic 1
}: 2/15 runes: decaying, gossamer
a: Heroism, Finesse, Renounce Religion, Evoke Blink


You were on level 4 of the Abyss.
You worshipped Okawaru.
Okawaru was extremely pleased with you.
You visited 9 branches of the dungeon, and saw 42 of its levels.
You visited the Abyss 2 times.
You also visited: Ice Cave and Wizlab.

You collected 6708 gold pieces.
You spent 5898 gold pieces at shops.

Inventory:

Hand Weapons
 a - a +9 fustibalus of flaming
 b - the +8 demon blade "Leech" {vamp, *Rage +Rage rN+}
   (You took it off a centaur on level 2 of the Depths)

   It inflicts no extra harm, but heals its wielder when it wounds a living foe.
   It protects you from negative energy.
   It lets you go berserk.
   It may make you go berserk in combat.
 w - the +7 captain's cutlass (weapon) {speed, disarm}
   (You took it off a centaur warrior on level 3 of the Depths)

   Attacks with this weapon are significantly faster.
Missiles
 d - 74 sling bullets
Armour
 f - a +1 helmet of see invisible (worn)
 z - a +2 pair of gloves of archery (worn)
 D - a +2 buckler of protection (worn)
 E - a +2 cloak of magic resistance (worn)
 O - the +1 faerie dragon scales (worn) {rF++ rCorr HP+5 SInv}
   (You took it off the Enchantress on level 2 of the Depths)

   It greatly protects you from fire.
   It affects your health (+5).
   It lets you see invisible.
   It provides partial protection from all sources of acid and corrosion.
 U - a +0 pair of boots of running (worn)
Jewellery
 t - the ring of Coojusch (left hand) {Wiz +Blink Str+4}
   (You bought it in a shop on level 5 of the Depths)

   [ring of wizardry]

   It improves your spell success rate.
   It affects your strength (+4).
   It lets you blink.
 v - a +4 ring of slaying (right hand)
 x - an uncursed ring of magical power
 H - an uncursed ring of see invisible
 K - a +4 ring of evasion
 R - an uncursed ring of magical power
 S - the amulet "Ocvososk" (around neck) {Acrobat MR++ Int+5 Dex-4}
   (You found it on level 1 of the Vaults)

   [amulet of the acrobat]

   It helps you evade while moving and waiting.
   It affects your intelligence (+5).
   It affects your dexterity (-4).
   It affects your resistance to hostile enchantments.
 V - an uncursed ring of protection from cold
 W - an uncursed ring of poison resistance
 X - an uncursed ring of protection from fire
Wands
 e - a wand of disintegration (18)
 A - a wand of digging (3)
 I - a wand of paralysis (22)
 M - a wand of iceblast (14)
 Z - a wand of flame (67)
Scrolls
 h - 2 scrolls of magic mapping
 n - 5 scrolls of teleportation
 o - 12 scrolls of amnesia
 r - 32 scrolls of remove curse {@r2}
 y - a scroll of blinking
 G - 4 scrolls of enchant armour
 J - a scroll of enchant weapon
 L - 6 scrolls of fear
 N - 2 scrolls of identify {@r1}
Potions
 i - 8 potions of lignification
 j - 11 potions of ambrosia
 m - 7 potions of cancellation
 s - 8 potions of flight
 u - 10 potions of stabbing
 F - 12 potions of curing {@q1}
 P - 6 potions of mutation {!q}
 Q - 2 potions of haste
 T - 5 potions of brilliance
Miscellaneous
 k - a phial of floods
 p - a phial of floods
 q - 3 phantom mirrors
 B - the horn of Geryon
 C - a lightning rod (4/4)
 Y - a box of beasts


   Skills:
 + Level 18.9 Fighting
 - Level 14.0 Short Blades
 - Level 14.0 Slings
 - Level 6.0 Armour
 + Level 20.8 Dodging
 - Level 12.5 Stealth
 - Level 5.6 Shields
 - Level 10.2 Translocations
 * Level 24.2 Invocations
 - Level 13.0 Evocations


You had 19 spell levels left.
You knew the following spells:

 Your Spells              Type           Power        Failure   Level
a - Apportation           Tloc           ###...       1%          1
b - Blink                 Tloc           N/A          1%          2
c - Gell's Gravitas       Tloc           ###.......   1%          3

Your spell library contained the following spells:

 Spells                   Type           Power        Failure   Level
 Animate Skeleton         Necr           #.....       13%         1
 Beastly Appendage        Tmut           #.....       13%         1
 Corona                   Hex            #......      13%         1
 Freeze                   Ice            #...         13%         1
 Magic Dart               Conj           #...         13%         1
 Pain                     Necr           #...         13%         1
 Sandblast                Erth           #.....       13%         1
 Shock                    Conj/Air       #...         13%         1
 Sting                    Tmut/Pois      #...         13%         1
 Summon Small Mammal      Summ           #...         13%         1
 Call Imp                 Summ           #.......     21%         2
 Corpse Rot               Necr/Air       N/A          21%         2
 Passwall                 Tmut/Erth      #.......     21%         2
 Poisonous Vapours        Pois/Air       #.....       21%         2
 Slow                     Hex            #.......     21%         2
 Swiftness                Air            #.......     21%         2
 Wereblood                Tmut           #.......     21%         2
 Call Canine Familiar     Summ           #.......     36%         3
 Confusing Touch          Hex            #.......     36%         3
 Conjure Flame            Conj/Fire      #.......     36%         3
 Frozen Ramparts          Ice            #.....       36%         3
 Ignite Poison            Fire/Tmut/Pois #.......     36%         3
 Mephitic Cloud           Conj/Pois/Air  #.......     36%         3
 Ozocubu's Armour         Ice            #.......     36%         3
 Spider Form              Tmut/Pois      #.........   36%         3
 Static Discharge         Conj/Air       #.......     36%         3
 Stone Arrow              Conj/Erth      #.....       36%         3
 Summon Guardian Golem    Hex/Summ       #.......     36%         3
 Tukima's Dance           Hex            #.......     36%         3
 Vampiric Draining        Necr           #.........   36%         3
 Summon Forest            Summ/Tloc      ##........   38%         5
 Airstrike                Air            #.........   77%         4
 Animate Dead             Necr           #.........   77%         4
 Cause Fear               Hex            #.........   77%         4
 Hailstorm                Conj/Ice       #.......     77%         4
 Ice Form                 Ice/Tmut       #.......     77%         4
 Olgreb's Toxic Radiance  Pois           #.......     77%         4
 Petrify                  Tmut/Erth      #.......     77%         4
 Summon Ice Beast         Ice/Summ       #.......     77%         4
 Summon Lightning Spire   Summ/Air       #.......     77%         4
 Agony                    Necr           #.......     97%         5
 Blade Hands              Tmut           #.........   97%         5
 Fireball                 Conj/Fire      #.........   97%         5
 Lee's Rapid Deconstruct  Erth           #.........   97%         5
 Lightning Bolt           Conj/Air       #.........   97%         5
 Metabolic Englaciation   Hex/Ice        #.........   97%         5
 Silence                  Hex/Air        #.........   97%         5
 Summon Demon             Summ           #.........   97%         5
 Summon Mana Viper        Hex/Summ       #.......     97%         5
 Yara's Violent Unravell  Hex/Tmut       #.........   97%         5
 Eringya's Noxious Bog    Tmut/Pois      #.........   100%        6
 Freezing Cloud           Conj/Ice/Air   #.........   100%        6
 Hydra Form               Tmut           #.........   100%        6
 Shadow Creatures         Summ           N/A          100%        6
 Starburst                Conj/Fire      #.........   100%        6
 Malign Gateway           Summ/Tloc      ##........   100%        7
 Spellforged Servitor     Conj/Summ      #.........   100%        7
 Summon Hydra             Summ           #.........   100%        7
 Discord                  Hex            #.........   100%        8
 Ignition                 Fire           #.........   100%        8
 Dragon's Call            Summ           #.........   100%        9
 Shatter                  Erth           #.........   100%        9
 Tornado                  Air            #.........   100%        9


Dungeon Overview and Level Annotations

Branches:
Dungeon (15/15)            Temple (1/1) D:4            Lair (6/6) D:10
  Swamp (4/4) Lair:3       Spider (4/4) Lair:4        Slime (0/5) Lair:5
    Orc (2/2) D:10            Elf (0/3) Orc:2        Vaults (4/5) D:14
  Crypt (0/3) Vaults:2     Depths (5/5) D:15           Hell (visited)
    Geh (0/7) Hell            Tar (0/7) Hell            Zot (0/5) Depths:5
  IceCv (visited)          WizLab (visited)
    Dis: Hell:1         Coc: Hell:1

Altars:
Ashenzari
Cheibriados
Dithmenos
Elyvilon
Fedhas
Gozag
Hepliaklqana
Kikubaaqudgha
Makhleb
Nemelex Xobeh
Okawaru
Qazlal
Ru
Sif Muna
Trog
Uskayaw
Vehumet
Wu Jian
Xom
Yredelemnul
Zin
The Shining One
Beogh
Jiyva

Shops:
D:4 (   D:5 [![!   D:11 *   D:13 *   D:14 !   Orc:2 [(*(   Depths:1 [!*
Depths:5 }==

Portals:
Hell: Depths:1 Depths:2 Depths:3 Depths:4 Depths:5
Abyss: Depths:1 Depths:4
Pandemonium: Depths:2 Depths:3
Ziggurat: Depths:4
Trove: Vaults:4 (give 7 potions of haste)

Annotations:
Lair:5 exclusion: downstairs
Spider:4 exclusions: demonic crawler and 2 doors
Vaults:4 Pall's ghost, veteran FoAK
Depths:1 exclusion: orange crystal statue
Depths:2 exclusion: downstairs


Innate Abilities, Weirdness & Mutations

You are small and have problems with some larger weapons.
You are somewhat resistant to further mutation.
You are frail. (-10% HP)
Your spells are a little easier to cast, but a little less powerful.


Message History

You impale the death drake!!
You kill the death drake!
Okawaru accepts your kill.
You are engulfed in dark miasma.
You are more poisoned.
You feel your flesh rotting away!
You feel ill.
* * * LOW HITPOINT WARNING * * *
x2 You feel very sick.
You are too berserk!
Unknown command.
You are engulfed in dark miasma.
You are more poisoned.
* * * LOW HITPOINT WARNING * * *
x2 You feel extremely sick.
You puncture the catoblepas skeleton!
The catoblepas skeleton is almost destroyed.
You are engulfed in dark miasma.
You are more poisoned.
You feel your flesh rotting away!
You feel ill.
You die...

# # . .
#≈### . # .
# .≈. .
##≈## # ###
.≈.. #°###
# # . ..
#°#°#°# #+#
#
#°Z##†##..#
#@#°ZZ'. .#
..
######### #
. . . . . #
. #.


You could see a catoblepas skeleton.

Vanquished Creatures
  A juggernaut (Depths:2)
  Boris (twice) (Vaults:2 Depths:2)
  Saint Roka (Orc:2)
  Xtahua (Vaults:2)
  2 caustic shrikes
  Geryon (Hell)
  Jory (Depths:3)
  A golden dragon (Depths:5)
  the Enchantress (Depths:2)
  A Hellbinder (WizLab)
  Arachne (Spider:2)
  2 bone dragons
  The ghost of Norharag the Warrior, an adept HuBe of Trog (Vaults:1)
  Jorgrun (Orc:1)
  A Hell Sentinel (Abyss:2)
  A hellephant (Depths:4)
  3 tentacled monstrosities
  4 liches
  The ghost of Meom the Warrior, an adept FoFi of Gozag (Swamp:1)
  A quicksilver dragon (Depths:3)
  An Executioner (Abyss:1)
  2 titans (Depths:2)
  2 sphinxes
  A tentacled starspawn (Abyss:1)
  Kirke (Lair:6)
  3 tengu reavers
  5 thorn hunters
  Agnes (Spider:3)
  2 storm dragons
  9 fire giants
  4 iron dragons
  9 vault wardens
  A deep elf sorcerer (Vaults:1)
  4 emperor scorpions
  An angel (D:4)
  An orc warlord (Vaults:1)
  Aizul (Depths:1)
  4 balrugs
  9 frost giants
  9 ghost moths
  A draconian stormcaller (Depths:5)
  5 spriggan defenders
  12 ironheart preservers
  3 reapers (Hell)
  2 deep elf demonologists
  2 hydra skeletons (Swamp:4)
  7 entropy weavers
  An ophan (Abyss:1)
  18 stone giants
  20 very ugly things
  A green draconian (Depths:5)
  4 vampire knights
  4 lorocyprocas
  2 yellow draconians (Depths:5)
  A black sun (WizLab)
  2 red draconians
  19 dire elephants
  2 purple draconians
  A deep elf annihilator (Vaults:1)
  3 white draconians
  7 spark wasps
  13 ettins
  2 eidola (Vaults:1)
  A crystal guardian (Vaults:3)
  A green death (Abyss:1)
  3 blizzard demons
  A mummy priest (Depths:4)
  11 fire dragons
  13 great orbs of eyes
  9 rakshasas
  10 ice dragons
  8 vault guards
  10 yaktaur captains
  4 catoblepae
  5 spriggan air magi
  25 hydras
  2 ghost crabs
  17 centaur warriors
  3 shambling mangroves (Swamp:4)
  13 ogre magi
  A dancing weapon (Vaults:2)
  41 two-headed ogres
  10 alligators
  4 vampire magi
  13 deep troll earth magi
  6 deep troll shamans
  5 hell hogs
  3 orc high priests
  5 tengu warriors
  Urug (Lair:5)
  6 soul eaters
  3 thrashing horrors
  A titan zombie (Depths:3)
  3 deep elf knights
  2 wretched stars
  9 spriggan berserkers
  2 sun demons
  5 shadow wraiths
  4 sixfirhies
  29 deep trolls
  5 glowing orange brains
  3 iron trolls
  A death drake (Abyss:4)
  7 swamp dragons
  A spatial maelstrom (Abyss:2)
  3 unseen horrors
  5 flayed ghosts
  4 wizards
  A lindwurm (shapeshifter) (Depths:3)
  15 starcursed masses
  An infernal demonspawn (Depths:3)
  14 ironbrand convokers
  3 spriggan druids
  3 lindwurms (Lair:6)
  A shadow demon (WizLab)
  A tengu zombie (Vaults:3)
  3 deep elf archers
  3 spectral hydras (Swamp:4)
  6 necromancers
  2 phantasmal warriors
  12 orc knights
  A wolf spider (shapeshifter) (Depths:3)
  9 deep elf magi
  25 ugly things
  29 orb spiders
  7 orc sorcerers
  33 wolf spiders
  2 stone giant zombies
  A cyclops (D:15)
  2 tengu skeletons
  3 moths of wrath
  2 sphinx skeletons
  3 oklob plants (Swamp:4)
  A salamander (Depths:3)
  5 manticores
  6 elephants (Lair:4)
  A frost giant skeleton (Vaults:3)
  7 black mambas
  2 worldbinders (Abyss:1)
  4 ice statues (IceCv)
  A molten gargoyle (Hell)
  4 rust devils
  11 vault sentinels
  18 cane toads
  5 spectral swamp worms (Depths:2)
  6 gargoyles
  Maggie (D:10)
  6 torpor snails
  11 large abominations
  A komodo dragon (shapeshifter) (Vaults:3)
  5 smoke demons
  A rime drake (shapeshifter) (Vaults:1)
  8 freezing wraiths
  4 rime drakes
  2 kobold demonologists (Depths:5)
  65 yaktaurs
  2 efreet
  21 demonic crawlers
  11 ice devils
  A tormentor (WizLab)
  4 hellwings
  4 komodo dragons
  4 ancient zymes
  4 death drake zombies (Swamp:4)
  2 hydra zombies (Swamp:4)
  4 tengu conjurers
  A queen bee (D:15)
  2 red devils
  2 jumping spiders (shapeshifter)
  37 jumping spiders
  2 meliai (D:15)
  4 polar bears (Lair:1)
  7 trolls
  2 catoblepas skeletons (Abyss:4)
  33 hornets
  33 slime creatures
  10 hippogriffs
  5 dream sheep
  9 tyrant leeches
  13 bog bodies
  4 raiju (Abyss:2)
  2 dream sheep (shapeshifter)
  23 blink frogs
  2 raiju (shapeshifter)
  2 air elementals (Abyss:4)
  7 ynoxinuls
  3 flying skulls (Abyss:3)
  47 tarantellas
  Sigmund (D:6)
  An ettin skeleton (Vaults:3)
  11 spriggans
  7 wraiths
  3 wyverns
  25 yaks
  71 redbacks
  7 fire elementals (Hell)
  A tarantella (shapeshifter) (Depths:1)
  4 vampires
  6 basilisks
  A wyvern (shapeshifter) (Depths:4)
  6 shadows
  4 fire bats
  2 hogs (shapeshifter)
  A human (shapeshifter) (Depths:3)
  4 chaos spawn
  4 neqoxecs
  11 water elementals
  10 humans (D:14)
  37 vampire mosquitoes
  2 hogs
  A warg (shapeshifter) (Depths:4)
  A spatial vortex (Abyss:2)
  13 wargs
  12 small abominations
  16 swamp worms
  3 hydra simulacra (Swamp:4)
  4 acid dragons
  15 hell hounds
  A floating eye (Depths:3)
  5 porcupines
  14 swamp drakes
  10 water moccasins
  A porcupine (shapeshifter) (Depths:3)
  48 orc warriors
  5 ice beasts
  7 phantoms
  6 black bears
  A swamp dragon zombie (Swamp:4)
  A necrophage (D:5)
  9 sky beasts
  5 wolves (Lair:5)
  10 boggarts
  A boggart (shapeshifter) (Vaults:4)
  31 ogres
  A swamp dragon skeleton (Swamp:4)
  13 centaurs
  A human skeleton (Vaults:4)
  4 elf skeletons
  A crocodile (shapeshifter) (Depths:3)
  8 crocodiles
  4 big kobolds
  13 bullfrogs
  2 wyvern zombies
  4 earth elementals (Abyss:4)
  6 scorpions
  A wyvern skeleton (D:12)
  A scorpion (shapeshifter) (Vaults:3)
  8 wights
  19 killer bees
  An elf simulacrum (Vaults:1)
  2 howler monkeys
  2 electric eels
  2 crimson imps (Depths:5)
  4 centaur zombies
  3 quasits
  3 bullfrog zombies
  A draconian simulacrum (IceCv)
  2 bullfrog skeletons
  4 jellies
  26 orc wizards
  26 orc priests
  3 hounds
  An iron imp (Abyss:2)
  5 centaur skeletons
  4 iguanas
  9 worker ants
  A worker ant (shapeshifter) (Depths:2)
  2 troll simulacra (IceCv)
  3 spriggan simulacra (IceCv)
  A centaur simulacrum (IceCv)
  3 worker ant zombies
  4 gnolls (D:11)
  14 adders
  2 naga simulacra (IceCv)
  An ogre simulacrum (IceCv)
  A shadow imp (D:7)
  5 white imps
  3 ufetubi
  2 oozes
  An adder zombie (D:6)
  3 worms
  5 dart slugs
  8 leopard geckos
  100 orcs
  9 bats
  8 giant cockroaches
  3 goblins
  14 hobgoblins
  12 jackals
  7 quokkas
  23 kobolds
  A quokka skeleton (D:6)
  4 rats
  2 plants (Lair:6)
2077 creatures vanquished.

Vanquished Creatures (collateral kills)
  Nikola (Vaults:1)
  A tentacled monstrosity (Vaults:4)
  A vault warden (Vaults:4)
  A stone giant (Vaults:4)
  A deep troll (Vaults:3)
  An ironbrand convoker (Vaults:4)
  3 hellions (WizLab)
  A meliai (D:15)
  A slime creature (Vaults:1)
  A yak (D:11)
  An acid dragon (shapeshifter) (Vaults:4)
  5 killer bees (D:15)
18 creatures vanquished.

Vanquished Creatures (others)
  A fire giant (Vaults:4)
  A hell hog (Depths:4)
  A tyrant leech (Swamp:2)
  A small abomination (Abyss:1)
  2 humans
  A swamp worm (Swamp:1)
  An ogre (Vaults:1)
  92 fungi
  83 plants
  4 starspawn tentacles (Abyss:1)
187 creatures vanquished.

Grand Total: 2282 creatures vanquished

Notes
Turn   | Place    | Note
-------+----------+-------------------------------------------
     0 | D:1      | 1player the Halfling Hunter began the quest for the Orb.
     0 | D:1      | Reached XP level 1. HP: 14/14 MP: 1/1
   236 | D:1      | Reached XP level 2. HP: 19/20 MP: 2/2
   640 | D:1      | Reached XP level 3. HP: 25/25 MP: 3/3
  1830 | D:2      | Found a snail-covered altar of Cheibriados.
  1980 | D:2      | Found a hide-covered altar of Uskayaw.
  1982 | D:2      | Found a glowing golden altar of the Shining One.
  1982 | D:2      | Found a white marble altar of Elyvilon.
  1983 | D:2      | Found an iron altar of Okawaru.
  1983 | D:2      | Found a radiant altar of Vehumet.
  1999 | D:2      | Reached XP level 4. HP: 22/31 MP: 4/4
  2107 | D:2      | Became a worshipper of Warmaster Okawaru
  2623 | D:2      | Reached XP level 5. HP: 30/36 MP: 5/5
  4088 | D:3      | Found a sacrificial altar of Ru.
  4215 | D:3      | Found a glowing silver altar of Zin.
  4220 | D:3      | Found a hazy altar of Hepliaklqana.
  4222 | D:3      | Found a burning altar of Makhleb.
  4427 | D:4      | Found Itsaocea's Weapon Emporium.
  4456 | D:4      | Reached XP level 6. HP: 34/42 MP: 6/6
  4521 | D:4      | Found a staircase to the Ecumenical Temple.
  4594 | D:4      | Reached * piety under Okawaru
  4594 | D:4      | Reached skill level 1 in Shields
  4728 | D:4      | Noticed a phantom
  4955 | D:4      | Found a glowing silver altar of Zin.
  4955 | D:4      | Noticed an angel
  4956 | D:4      | Found a runed translucent door.
  5083 | Temple   | Entered the Ecumenical Temple
  5576 | D:5      | Entered Level 5 of the Dungeon
  5576 | D:5      | Noticed a phantom
  5576 | D:5      | Noticed an ice beast
  5678 | D:5      | Noticed an ice beast
  5768 | D:5      | Found Codd's Antique Armour Shoppe.
  5776 | D:5      | Noticed an ice beast
  5820 | D:5      | Killed an ice beast
  5820 | D:5      | Reached XP level 7. HP: 46/46 MP: 4/7
  5994 | D:5      | Found Niceorph's Distillery.
  5997 | D:5      | Found Yhaabos's Antique Armour Shoppe.
  5999 | D:5      | Found Wounopse's Distillery.
  6036 | D:5      | Reached skill level 5 in Shields
  6137 | D:5      | Bought a potion of might for 52 gold pieces
  6358 | D:5      | Reached ** piety under Okawaru
  6358 | D:5      | Reached XP level 8. HP: 40/52 MP: 8/8
  7298 | D:6      | Reached skill level 1 in Armour
  7888 | D:6      | Reached skill level 5 in Armour
  7925 | D:6      | Noticed Sigmund
  7939 | D:6      | Killed Sigmund
  7939 | D:6      | Reached *** piety under Okawaru
  7939 | D:6      | Reached XP level 9. HP: 56/56 MP: 9/9
  7969 | D:6      | Reached skill level 1 in Invocations
  8268 | D:6      | Reached skill level 2 in Invocations
  8377 | D:7      | Found an ornate altar of the Wu Jian Council.
  8548 | D:7      | Reached skill level 5 in Dodging
  8634 | D:7      | Noticed a hippogriff
  8640 | D:7      | Killed a hippogriff
  8640 | D:7      | Reached skill level 3 in Invocations
  8857 | D:7      | Reached skill level 4 in Invocations
  8932 | D:7      | Found a shadowy altar of Dithmenos.
  9035 | D:7      | Reached **** piety under Okawaru
  9035 | D:7      | Reached skill level 10 in Slings
  9035 | D:7      | Reached XP level 10. HP: 63/63 MP: 13/13
  9368 | D:5      | Bought a potion of haste for 130 gold pieces
  9633 | D:8      | Received a gift from Okawaru
  9633 | D:8      | Reached skill level 5 in Invocations
 10618 | D:9      | Reached skill level 6 in Invocations
 10673 | D:9      | Noticed a six-headed hydra
 10694 | D:9      | Killed a six-headed hydra
 10694 | D:9      | Received a gift from Okawaru
 10799 | D:9      | Received a gift from Okawaru
 11320 | D:10     | Entered Level 10 of the Dungeon
 11391 | D:10     | Reached skill level 7 in Invocations
 11409 | D:10     | Noticed a two-headed ogre
 11409 | D:10     | Noticed a manticore
 11412 | D:10     | Found a staircase to the Lair.
 11476 | D:9      | Reached XP level 11. HP: 67/67 MP: 14/16
 11633 | D:10     | Found a staircase to the Orcish Mines.
 11667 | D:10     | Killed a manticore
 11678 | D:10     | Got a faintly glowing short sword
 11819 | D:9      | Identified the +7 short sword of Valour {vorpal, +Blink}
                  | (You found it on level 10 of the Dungeon)
 11867 | D:10     | Reached skill level 8 in Invocations
 11918 | D:10     | Reached ***** piety under Okawaru
 12037 | D:10     | Noticed Maggie
 12056 | D:10     | Killed a two-headed ogre
 12062 | D:10     | Killed Maggie
 12062 | D:10     | Received a gift from Okawaru
 12361 | D:10     | Received a gift from Okawaru
 13085 | D:11     | Found Inosmymibb's Changing Room.
 13509 | D:11     | Reached skill level 10 in Short Blades
 13671 | D:11     | You fall into a shaft and drop 2 floors!
 13683 | D:13     | Noticed a manticore
 13688 | D:13     | Noticed a two-headed ogre
 13744 | D:12     | Found Pudwaroa's Magic Scroll Shop.
 13835 | Lair:1   | Entered Level 1 of the Lair of Beasts
 13860 | Lair:1   | Reached XP level 12. HP: 72/72 MP: 18/18
 13895 | Lair:1   | Received a gift from Okawaru
 14484 | Lair:1   | Received a gift from Okawaru
 14619 | Lair:1   | Found a snail-covered altar of Cheibriados.
 15025 | Lair:2   | Noticed an eight-headed hydra
 15039 | Lair:2   | Killed an eight-headed hydra
 15039 | Lair:2   | Reached skill level 9 in Invocations
 15333 | Lair:2   | Noticed a seven-headed hydra
 15348 | Lair:2   | Killed a seven-headed hydra
 15348 | Lair:2   | Reached skill level 10 in Dodging
 15858 | Lair:2   | Reached skill level 5 in Fighting
 16015 | Lair:3   | Received a gift from Okawaru
 16075 | Lair:3   | Noticed an eight-headed hydra
 16084 | Lair:3   | Reached XP level 13. HP: 72/81 MP: 20/20
 16101 | Lair:3   | Killed an eight-headed hydra
 16433 | Lair:3   | Reached skill level 10 in Invocations
 16513 | Lair:3   | Found a staircase to the Swamp.
 17080 | Lair:4   | Found a hole to the Spider Nest.
 17957 | Lair:5   | Noticed Urug
 17975 | Lair:5   | Killed Urug
 18038 | Lair:5   | Found a staircase to the Slime Pits.
 18342 | Lair:5   | Found a viscous altar of Jiyva.
 18398 | Lair:5   | Got a shimmering lapis lazuli ring
 18399 | Lair:5   | Identified the ring "Maint" {*Contam rC+ AC+4 Dex+2} (You
                  | found it on level 5 of the Lair of Beasts)
 18540 | Lair:6   | Entered Level 6 of the Lair of Beasts
 18589 | Lair:6   | Noticed a seven-headed hydra
 18590 | Lair:6   | Noticed a six-headed hydra
 18591 | Lair:6   | Reached skill level 11 in Invocations
 18613 | Lair:5   | Killed a seven-headed hydra
 18707 | Lair:6   | Noticed a six-headed hydra
 18769 | Lair:6   | Noticed Kirke
 18834 | Lair:6   | Killed a six-headed hydra
 18837 | Lair:6   | Received a gift from Okawaru
 19047 | Lair:6   | Noticed a sphinx
 19388 | Lair:6   | Found a runed translucent door.
 19388 | Lair:6   | Noticed a fire dragon
 19448 | Lair:6   | Gained mutation: Your spells are a little easier to cast,
                  | but a little less powerful. [mutagenic glow]
 19465 | Lair:6   | Killed a fire dragon
 19465 | Lair:6   | Reached XP level 14. HP: 92/92 MP: 15/22
 19862 | Lair:6   | Received a gift from Okawaru
 19982 | Lair:6   | Received a gift from Okawaru
 20074 | Lair:6   | Killed Kirke
 20074 | Lair:6   | Received a gift from Okawaru
 20293 | Lair:5   | Received a gift from Okawaru
 20591 | Lair:6   | Reached skill level 12 in Invocations
 20824 | Lair:6   | Received a gift from Okawaru
 20833 | Lair:6   | Noticed a dire elephant
 20860 | Lair:6   | Killed a dire elephant
 20959 | Lair:6   | Received a gift from Okawaru
 21058 | Lair:6   | Noticed a dire elephant
 21095 | Lair:6   | Killed a dire elephant
 21558 | D:12     | Reached XP level 15. HP: 101/101 MP: 22/24
 22383 | D:13     | Reached skill level 13 in Invocations
 22864 | D:13     | Found Mizxia Zasiwk's General Store.
 23019 | Orc:1    | Entered Level 1 of the Orcish Mines
 23199 | Orc:1    | Received a gift from Okawaru
 23337 | Orc:2    | Entered Level 2 of the Orcish Mines
 23475 | Orc:1    | Reached skill level 10 in Fighting
 23489 | Orc:2    | Found a staircase to the Elven Halls.
 23540 | Orc:1    | Noticed Jorgrun
 23553 | Orc:1    | Killed Jorgrun
 23729 | Orc:1    | You fall into a shaft and drop 1 floor!
 24413 | Orc:2    | Found a roughly hewn altar of Beogh.
 24580 | Orc:2    | Found a roughly hewn altar of Beogh.
 24865 | Orc:2    | Noticed Saint Roka
 25019 | Orc:2    | Killed Saint Roka
 25146 | Orc:2    | Found Feorpheyr's Antique Weapon Shop.
 25148 | Orc:2    | Found a roughly hewn altar of Beogh.
 25152 | Orc:2    | Found Qodoic's Antique Armour Boutique.
 25284 | Orc:2    | Found a roughly hewn altar of Beogh.
 25329 | Orc:2    | Found Hofocven's General Store.
 25435 | Orc:2    | Found a roughly hewn altar of Beogh.
 25450 | Orc:2    | Reached skill level 14 in Invocations
 25470 | Orc:2    | Found Boijixto's Weapon Shoppe.
 25727 | Orc:2    | Bought a phantom mirror for 510 gold pieces
 25727 | Orc:2    | Bought a scroll of teleportation for 51 gold pieces
 25727 | Orc:2    | Bought a scroll of teleportation for 51 gold pieces
 25864 | D:5      | Bought a runed buckler for 202 gold pieces
 25894 | D:5      | Bought 2 potions of haste for 260 gold pieces
 26108 | D:14     | Reached XP level 16. HP: 111/111 MP: 26/26
 26243 | D:14     | Received a gift from Okawaru
 26521 | D:14     | Found Cakhlam's Distillery.
 26524 | D:14     | Bought a potion of invisibility for 152 gold pieces
 26634 | D:14     | Found a gate to the Vaults.
 26980 | D:15     | Entered Level 15 of the Dungeon
 27307 | D:15     | Received a gift from Okawaru
 27331 | D:15     | Got a dazzling rapier
 27401 | D:15     | Found a frozen archway.
 27410 | IceCv    | Entered an ice cave
 27423 | IceCv    | Reached skill level 15 in Dodging
 27566 | IceCv    | Identified the +8 rapier of 1player's Woe {vorpal, *Drain
                  | +Blink rN+ Dex+8 Stlth-} (You found it on level 15 of the
                  | Dungeon)
 28064 | IceCv    | Found the +7 sceptre of Torment {pain, torment}
 28654 | D:15     | Found a staircase to the Depths.
 29258 | Spider:1 | Entered Level 1 of the Spider Nest
 29605 | Spider:1 | Received a gift from Okawaru
 29940 | Spider:1 | Reached skill level 5 in Stealth
 30774 | Spider:1 | Reached skill level 15 in Invocations
 31451 | Spider:1 | Reached XP level 17. HP: 83/119 MP: 0/28
 32037 | Spider:2 | Received a gift from Okawaru
 32435 | Spider:2 | Received a gift from Okawaru
 33271 | Spider:2 | Received a gift from Okawaru
 33759 | D:4      | Bought a +1 scimitar of electrocution for 170 gold pieces
 34234 | Spider:3 | Noticed Arachne
 34288 | Spider:2 | Killed Arachne
 34288 | Spider:2 | Received a gift from Okawaru
 34893 | Spider:3 | Received a gift from Okawaru
 34979 | Spider:3 | Noticed Agnes
 34994 | Spider:3 | Killed Agnes
 35208 | Spider:3 | Reached skill level 16 in Invocations
 35495 | Spider:4 | Entered Level 4 of the Spider Nest
 35863 | Spider:4 | Received a gift from Okawaru
 35922 | Spider:4 | Reached skill level 10 in Stealth
 35938 | Spider:4 | Received a gift from Okawaru
 35960 | Spider:4 | Reached XP level 18. HP: 119/128 MP: 30/30
 36698 | Spider:4 | Received a gift from Okawaru
 36797 | Spider:4 | Reached ****** piety under Okawaru
 37656 | Spider:4 | Received a gift from Okawaru
 38130 | Spider:4 | Reached skill level 17 in Invocations
 39036 | Spider:4 | Received a gift from Okawaru
 39168 | Spider:4 | Got a gossamer rune of Zot
 39391 | Swamp:1  | Entered Level 1 of the Swamp
 39651 | Swamp:1  | Found a runed translucent gate.
 39652 | Swamp:1  | Found a runed translucent gate.
 39652 | Swamp:1  | Noticed Meom's ghost (adept FoFi)
 39653 | Swamp:1  | Found a runed translucent gate.
 39769 | Swamp:1  | Killed Meom's ghost
 39776 | Swamp:1  | Identified a scroll of acquirement
 39776 | Swamp:1  | Acquired a +2 quick blade
 40367 | Swamp:2  | Received a gift from Okawaru
 40625 | Swamp:2  | Reached XP level 19. HP: 136/136 MP: 31/31
 40709 | Swamp:2  | Received a gift from Okawaru
 41156 | Swamp:2  | Reached skill level 1 in Evocations
 41160 | Swamp:2  | Identified the +1 leather armour "Onlihes" {MP+9 Str-2
                  | Dex+2} (You found it on level 2 of the Swamp)
 41229 | Swamp:2  | Got a shimmering falchion
 41230 | Swamp:2  | Identified the +6 falchion of the Jester {freeze, rC+ MR+}
                  | (You found it on level 2 of the Swamp)
 42228 | Swamp:3  | Reached skill level 5 in Evocations
 42811 | Swamp:4  | Entered Level 4 of the Swamp
 42930 | Swamp:4  | Got a smoking scimitar
 42933 | Swamp:4  | Identified the +5 scimitar of Nuegac {vorpal, rC+ Int+2
                  | SInv} (You found it on level 4 of the Swamp)
 43311 | Swamp:4  | Received a gift from Okawaru
 43324 | Swamp:4  | Got a slimy quarterstaff {god gift}
 43325 | Swamp:4  | Identified the +7 quarterstaff of Asogegul {holy, rF+ rC+
                  | Dex+2 Stlth+} (Okawaru gifted it to you on level 4 of the
                  | Swamp)
 43977 | Swamp:4  | Reached skill level 10 in Evocations
 44050 | Swamp:4  | Found a blossoming altar of Fedhas.
 44384 | Swamp:4  | Found a basalt altar of Yredelemnul.
 44417 | Swamp:4  | Got a decaying rune of Zot
 45090 | Vaults:1 | Entered Level 1 of the Vaults
 45090 | Vaults:1 | Noticed Nikola
 45104 | Vaults:1 | Killed Nikola
 45104 | Vaults:1 | Reached XP level 20. HP: 99/144 MP: 25/32
 45110 | Vaults:1 | Received a gift from Okawaru
 45613 | Vaults:1 | Found a runed translucent gate.
 45613 | Vaults:1 | Found a runed translucent gate.
 45613 | Vaults:1 | Found a runed translucent gate.
 45615 | Vaults:1 | Noticed Norharag's ghost (adept HuBe)
 46493 | Vaults:1 | Received a gift from Okawaru
 46618 | Vaults:1 | Received a gift from Okawaru
 47148 | Vaults:1 | Received a gift from Okawaru
 47704 | Vaults:1 | Received a gift from Okawaru
 47897 | Vaults:1 | Got a smoking hunting sling {god gift}
 48225 | Vaults:1 | Killed Norharag's ghost
 48225 | Vaults:1 | Reached skill level 18 in Invocations
 48261 | Vaults:1 | Got a vibrating sapphire amulet
 48368 | D:13     | Bought a scroll of identify for 34 gold pieces
 48368 | D:13     | Identified the amulet "Ocvososk" {Acrobat MR++ Int+5 Dex-4}
                  | (You found it on level 1 of the Vaults)
 48487 | Vaults:1 | Identified the Disquisition on Gliding Beguiling
 48534 | Vaults:2 | Noticed Boris
 49157 | Vaults:2 | Noticed Xtahua
 49182 | Vaults:2 | Killed Xtahua
 49182 | Vaults:2 | Reached XP level 21. HP: 81/150 MP: 26/34
 49492 | Vaults:2 | Received a gift from Okawaru
 49698 | Vaults:2 | Found a staircase to the Crypt.
 49957 | Vaults:2 | Received a gift from Okawaru
 50185 | Vaults:2 | Reached skill level 15 in Fighting
 50187 | Vaults:2 | Received a gift from Okawaru
 50370 | Vaults:2 | Received a gift from Okawaru
 50373 | Vaults:2 | Got a slimy plate armour {god gift}
 51996 | Vaults:3 | Got a crude leather armour
 52911 | Vaults:3 | Identified the +1 hunting sling of Honour {freeze, Int+3}
                  | (Okawaru gifted it to you on level 1 of the Vaults)
 53246 | Vaults:3 | Reached XP level 22. HP: 155/158 MP: 35/35
 53261 | Vaults:3 | Received a gift from Okawaru
 53377 | Vaults:3 | Reached skill level 19 in Invocations
 53551 | Vaults:3 | Received a gift from Okawaru
 55004 | Vaults:3 | Received a gift from Okawaru
 55498 | Vaults:4 | Found a magical portal.
 55510 | WizLab   | Entered The Hall of the Hellbinder
 56393 | WizLab   | Noticed Cajoleo
 56735 | WizLab   | Found a burning altar of Makhleb.
 56763 | WizLab   | Killed Cajoleo the Hellbinder
 56763 | WizLab   | Received a gift from Okawaru
 56777 | WizLab   | Got a faintly glowing pewter ring
 56781 | WizLab   | Got a twitching ruby amulet
 56805 | WizLab   | Got a pitted platinum ring
 56827 | WizLab   | Identified the Tome of Calling
 57140 | Vaults:4 | Got an ebony demon whip
 57200 | Vaults:4 | Found a portal to a secret trove of treasure.
 57420 | Vaults:4 | Received a gift from Okawaru
 58285 | Vaults:4 | Noticed Pall's ghost (veteran FoAK)
 58292 | Vaults:4 | Found a runed translucent gate.
 58292 | Vaults:4 | Found a runed translucent gate.
 58293 | Vaults:4 | Found a runed translucent gate.
 59192 | Vaults:4 | Identified the ring "Wusapere" {*Corrode rN+ Str+6 Dex+3}
                  | (You found it in a wizard's laboratory)
 59242 | Vaults:4 | Identified the ring of Kiqad {Wiz +Fly MR+ Str-5 Int+2}
                  | (You found it in a wizard's laboratory)
 59247 | Vaults:4 | Identified the +10 demon whip of Generosity {pain, rF+ MR+
                  | Dex+3 SInv} (You found it on level 4 of the Vaults)
 59477 | Vaults:4 | Identified the +2 leather armour of the Gusle {MR+++ rCorr
                  | Int-3 Dex-4} (You found it on level 3 of the Vaults)
 59620 | Vaults:2 | Killed Boris
 59620 | Vaults:2 | Reached XP level 23. HP: 150/166 MP: 32/36
 61397 | Vaults:3 | Identified the amulet "Esigoxt" {Inacc rElec Str+4 Stlth-}
                  | (You found it in a wizard's laboratory)
 61542 | Depths:1 | Entered Level 1 of the Depths
 61570 | Depths:1 | Reached skill level 20 in Invocations
 61936 | Depths:1 | Found Pesileq's Antique Armour Boutique.
 62656 | Depths:1 | Found a one-way gate to the infinite horrors of the Abyss.
 63051 | Depths:1 | Received a gift from Okawaru
 63093 | Depths:1 | Found Imeywesch's Assorted Antiques.
 63095 | Depths:1 | Found Taor's Distillery.
 63097 | Depths:1 | Bought a scroll of identify for 68 gold pieces
 63323 | Depths:1 | Bought a potion of haste for 120 gold pieces
 63323 | Depths:1 | Bought a potion of haste for 120 gold pieces
 63444 | Depths:1 | Learned a level 1 spell: Apportation
 63531 | Depths:1 | Reached skill level 1 in Translocations
 63690 | Depths:1 | Found a gateway to Hell.
 63736 | Depths:1 | Noticed Aizul
 63754 | Depths:1 | Killed Aizul
 64336 | Depths:2 | Received a gift from Okawaru
 64482 | Depths:2 | Reached skill level 5 in Translocations
 65926 | Depths:2 | Received a gift from Okawaru
 65973 | Depths:2 | Noticed Boris
 66205 | Depths:2 | Killed Boris
 66316 | Depths:2 | Noticed a caustic shrike
 67019 | Depths:2 | Noticed a juggernaut
 67049 | Depths:2 | Killed a juggernaut
 67049 | Depths:2 | Reached skill level 10 in Translocations
 67049 | Depths:2 | Reached XP level 24. HP: 142/173 MP: 33/37
 67053 | Depths:2 | Learned a level 2 spell: Blink
 67057 | Depths:2 | Learned a level 3 spell: Gell's Gravitas
 67551 | Depths:2 | Killed a caustic shrike
 68474 | Depths:2 | Received a gift from Okawaru
 68494 | Depths:2 | Identified a +0 pair of boots of running (Okawaru gifted it
                  | to you on level 2 of the Depths)
 69083 | Depths:2 | Found a one-way gate leading to the halls of Pandemonium.
 69427 | Depths:3 | Noticed the Enchantress
 69450 | Depths:3 | Noticed Jory
 69882 | Depths:3 | Reached skill level 21 in Invocations
 71708 | Depths:3 | Killed Jory
 72174 | Depths:2 | Killed the Enchantress
 72560 | Depths:3 | Received a gift from Okawaru
 73113 | Depths:3 | Noticed a caustic shrike
 73134 | Depths:3 | Killed a caustic shrike
 73134 | Depths:3 | Reached XP level 25. HP: 181/181 MP: 32/37
 73740 | Depths:3 | Reached skill level 22 in Invocations
 73759 | Depths:3 | Paralysed by a floating eye for 4 turns
 73815 | Depths:3 | Received a gift from Okawaru
 73837 | Depths:3 | Paralysed by a floating eye for 4 turns
 73848 | Depths:3 | Paralysed by a floating eye for 2 turns
 73855 | Depths:3 | Paralysed by a floating eye for 3 turns
 73863 | Depths:3 | Paralysed by a floating eye for 3 turns
 73877 | Depths:3 | Paralysed by a floating eye for 4 turns
 73880 | Depths:3 | HP: 7/187 [iron dragon (4)]
 73881 | Depths:3 | HP: 3/187 [iron dragon (4)]
 75540 | Depths:4 | Received a gift from Okawaru
 76183 | Depths:4 | Received a gift from Okawaru
 76763 | Depths:4 | Found a gateway to a ziggurat.
 77602 | Hell     | Entered the Vestibule of Hell
 77624 | Hell     | Reached XP level 26. HP: 169/189 MP: 38/38
 77633 | Depths:4 | Reached skill level 23 in Invocations
 77760 | Hell     | Noticed Geryon
 77805 | Hell     | Found a gateway to the decaying netherworld of Tartarus.
 77826 | Hell     | Found a gateway to the ashen valley of Gehenna.
 77946 | Hell     | Killed Geryon
 78309 | Depths:5 | Entered Level 5 of the Depths
 78950 | Depths:5 | Identified the +5 hand axe of the Freezing Eel {vorpal,
                  | Str+4}
 79214 | Depths:5 | Identified the amulet "Juerunle" {RegenMP rF+ SInv}
 79668 | Depths:5 | Found Aqad's Jewellery Shop.
 79703 | Depths:5 | Found Sivuiw's Gadget Shoppe.
 79704 | Depths:5 | Found Sepeuc's Jewellery Shop.
 79710 | Depths:5 | Bought a +4 ring of slaying for 1716 gold pieces
 79710 | Depths:5 | Bought the ring of Coojusch {Wiz +Blink Str+4} for 1152
                  | gold pieces
 79712 | Depths:5 | Bought a wand of iceblast (10) for 210 gold pieces
 79712 | Depths:5 | Bought a phantom mirror for 450 gold pieces
 79712 | Depths:5 | Bought a phantom mirror for 450 gold pieces
 79720 | Depths:5 | Gained mutation: You are frail. (-10% HP) [mutagenic glow]
 79744 | Depths:5 | Found a shimmering blue altar of Sif Muna.
 79828 | Depths:4 | Received a gift from Okawaru
 79992 | Depths:5 | Identified the Compendium of the Escort
 80269 | Depths:5 | Received a gift from Okawaru
 80587 | Depths:5 | Found a gate to the Realm of Zot.
 81076 | Depths:4 | Voluntarily entered the Abyss.
 81078 | Abyss:1  | Found a corrupted altar of Lugonu.
 81571 | Abyss:1  | Found a corrupted altar of Lugonu.
 81651 | Abyss:1  | Found a corrupted altar of Lugonu.
 81782 | Abyss:1  | Found a basalt altar of Yredelemnul.
 82457 | Abyss:2  | Reached skill level 24 in Invocations
 82546 | Abyss:2  | Paralysed by accursed screaming for 1 turns
 82622 | Depths:4 | Escaped the Abyss
 82749 | Depths:4 | Voluntarily entered the Abyss.
 83881 | Abyss:4  | HP: 3/258 [poison (dark miasma)]
 83882 | Abyss:4  | Succumbed to poison (dark miasma)

Illustrated notes

Levels and vault maps discovered:
D:1:      elethiomel_arrival_maze, layout_basic
D:2:      layout_basic, cheibriados_altar_1, grunt_temple_overflow_open,
          hangedman_decor_push
D:3:      layout_rooms, nicolae_ru_path_of_blood, minitemple
D:4:      layout_basic, minmay_temple_entry_glass, serial_shops, shop,
          lemuel_angel_altar
D:5:      layout_gridville, grunt_ministairs_2, minmay_shop_grid_forest,
          feat_on_display
D:6:      layout_basic, uniq_sigmund
D:7:      layout_cave_pools, overflow_temple_1_default, grunt_dithmenos_shadows
D:8:      layout_basic, minmay_fractal_squares_5
D:9:      layout_gridville
D:10:     layout_roguey, lair_entry_dummy, david_orc_3, serial_corexii_hall,
          chequers_hall_statues_y, chequers_hall_statues_wall_a, uniq_maggie
D:11:     layout_roguey, nicolae_transmutations_shop
D:12:     layout_irregular_city, serial_shops, nicolae_shop_stone
D:13:     layout_rooms, serial_shops, nicolae_shop_behind_doors
D:14:     layout_rooms, ximxim_vaults_locker_room, serial_shops,
          kennysheep_mini, serial_bayou_pond_c, drop_trap, st_stairs_1
D:15:     hangedman_depths_entry_try_elsewhere_first, layout_basic,
          minivault_14, portal_ice_cave_entry_pillars_1, special_room
          [special_room_bee]
Temple:   minmay_temple_curvy_loop
Lair:1:   beast_lair_carwin_large_2, layout_hall_layers, basic_altar,
          serial_bayou_pond_e, st_stairs_9, infiniplex_staircase_pool
Lair:2:   layout_hall_layers, grunt_megastairs_4
Lair:3:   layout_cave_pods, swamp_mist, chequers_serial_rivers_large_b,
          grunt_megastairs_1
Lair:4:   layout_misc_corridors, spider_nest_entry_webs
Lair:5:   layout_hall_layers, slime_altar_1, lemuel_fruit_fields, uniq_urug
Lair:6:   wormcave, layout_gridlike, hangedman_lair_in_review,
          grunt_megastairs_2, uniq_kirke
Swamp:1:  layout_basic_swamp, gammafunk_ghost_hydra_chop,
          nicolae_swamp_treefoil, swamp_pool5
Swamp:2:  layout_basic_swamp, evilmike_swamp_ruin_rubble_1
Swamp:3:  layout_basic_swamp, serial_swamp_ruin, evilmike_swamp_ruin_rubble_2,
          evilmike_swamp_ruin_house_6, swamp_pool1
Swamp:4:  byrel_swamp_growth_death_and_undeath, layout_basic_swamp, swamp_pool2
Spider:1: layout_spider_delve
Spider:2: layout_spider_delve, einodemon_crawler_minivault
Spider:3: layout_spider_delve, nicolae_orb_island, uniq_arachne, uniq_agnes
Spider:4: johnstein_spider_rune_arachne_lair
Orc:1:    layout_caves, uniq_jorgrun
Orc:2:    grunt_orc_community_town_hall, layout_caves,
          grunt_orc_community_big_house_2, grunt_orc_community_big_house_2,
          grunt_orc_community_house_1, grunt_orc_community_house_1,
          grunt_orc_community_house_1, grunt_orc_community_house_3,
          nicolae_orc_damp_corner
Vaults:1: gammafunk_vaults_ghost_spectres, hangedman_vaults_hard_town_square,
          hangedman_vaults_cutoff, v_alt_pattern_6,
          nicolae_vaults_network_barrier, vaults_dpeg_hooks,
          hangedman_vaults_slither, ontoclasm_vaults_shuriken,
          hangedman_vaults_locks, v_alt_pattern_4,
          ontoclasm_vaults_loading_screen, vaults_room_pools,
          nicolae_vaults_circle_grid_a, vaults_standard_mumra_lines, v_misc_16,
          layout_vaults_maze_bifur, uniq_nikola
Vaults:2: vaults_room_pools, vaults_dpeg_doors, v_alt_pattern_3,
          minmay_crypt_entry_vampire_xt, nicolae_vaults_rhombus_6,
          nicolae_vaults_back_hallway, vaults_room_door_hall,
          nicolae_vaults_three_branches, ontoclasm_vaults_chip,
          hangedman_vaults_trim, vaults_room_hallway, layout_vaults_ring,
          uniq_xtahua, uniq_boris
Vaults:3: hangedman_vaults_snaps, vaults_dpeg_diagonal,
          hangedman_vaults_restitches, vaults_mumra_hexcomb, v_misc_5,
          ontoclasm_vaults_chip, grunt_vaults_hallway_short,
          vaults_room_large_hall, v_alt_pattern_1,
          nicolae_vaults_yaktaur_gun_rack, st_cells, layout_vaults_chaotic_city
Vaults:4: gammafunk_vaults_ghost_split, grunt_vaults_focal,
          nicolae_vaults_shelves_hall, v_misc_25, ontoclasm_vaults_bender,
          hangedman_vaults_restitches, nicolae_vaults_windows_and_doors_thing,
          v_misc_15, ontoclasm_vaults_gallery, layout_vaults_omnigrid,
          enter_trove_0, infiniplex_enter_wizlab_glasses
Depths:1: layout_gridlike, serial_shops, shop, grunt_hell_entry_dis_old,
          abyss_entry, dpeg_stationary_puzzle, minmay_shoptagon, uniq_aizul
Depths:2: minmay_the_grid_square_5x5_4x4_mashed
          [minmay_the_grid_square_5x5_inverted_slash,
          minmay_the_grid_square_5x5_trominoes,
          minmay_the_grid_square_5x5_misaligned,
          minmay_the_grid_square_5x5_corner, minmay_the_grid_square_5x5_minibox,
          minmay_the_grid_square_5x5_prize_deathbox,
          minmay_the_grid_square_5x5_prize_rear_guard,
          minmay_the_grid_square_5x5_beaten_path,
          minmay_the_grid_square_5x5_three,
          minmay_the_grid_square_5x5_prize_itemx,
          minmay_the_grid_square_5x5_prize_gold,
          minmay_the_grid_square_5x5_eight_small,
          minmay_the_grid_square_5x5_bracketed,
          minmay_the_grid_square_5x5_moneybag, minmay_the_grid_square_5x5_c,
          minmay_the_grid_square_5x5_fat_x], layout_gridville,
          minmay_misc_feat_encased, pan_entry, pf_hell_entry_tar_river,
          serial_rivers, chequers_serial_rivers_micro_a,
          chequers_serial_rivers_large_a, chequers_serial_rivers_small_3,
          chequers_serial_rivers_micro_b
Depths:3: evilmike_diamond_2, layout_cave_pools, pf_coc_iceberg,
          kennysheep_donut, rand_demon_pan_entry_4, kennysheep_generic_room_8,
          uniq_enchantress, uniq_jory
Depths:4: mu_elephants_graveyard, layout_cave_pools, enter_ziggurat_b,
          abyss_entry_crystal, grunt_hell_horde, firewood_loft,
          infiniplex_staircase_squiggle
Depths:5: grunt_twist_and_shout, layout_cave_shapes, hellmouth_1,
          grunt_decor_fettered, hangedman_summoners_spam, minmay_shop_grove,
          serial_bayou_shore_a, serial_bayou_shore_b, serial_bayou_shore_b
Hell
Abyss:4:  base: Vaults:1, nicolae_abyss_rune_left_handed, minivault_26,
          evilmike_abyss_exit_9, hangedman_abyss_rune_macabre_mess,
          guppyfry_abyss_exit_imp_island, doesnt_abyss_rune_brain_food,
          doesnt_abyss_rune_brain_food, evilmike_abyss_exit_8,
          evilmike_abyss_exit_16, hangedman_abyss_rune_flesh_and_stone

Skill      XL: |  1  2  3  4  5  6  7  8  9 10 11 12 13 14 15 16 17 18 19 20 21 22 23 24 25 26 |
---------------+-------------------------------------------------------------------------------+-----
Fighting       | 2 3 5 7 9 10 11 13 14 15 16 17 18 | 18.9
Dodging        | 3 6 8 9 10 11 13 14 15 16 17 18 19 20 | 20.8
Stealth        | 2 3 6 10 12 | 12.5
Slings         | 6 8 10 12 13 14 | 14.0
Shields        | 4 5 |  5.6
Short Blades   | 4 10 12 13 14 | 14.0
Armour         | 6 |  6.0
Invocations    | 4 7 8 9 11 12 14 15 16 17 18 19 20 21 22 24 | 24.2
Evocations     | 10 11 13 | 13.0
Translocations | 10 | 10.2

Action                   |  1- 3 |  4- 6 |  7- 9 | 10-12 | 13-15 | 16-18 | 19-21 | 22-24 | 25-27 || total
-------------------------+-------+-------+-------+-------+-------+-------+-------+-------+-------++-------
Melee: Short sword       |    82 |   154 |    74 |   440 |  1111 |   688 |       |       |       ||  2549
       Dagger            |       |       |   170 |   209 |       |   284 |       |       |       ||   663
       Scimitar          |       |       |       |       |       |   528 |   106 |       |       ||   634
       Falchion          |       |       |       |       |       |       |   107 |       |       ||   107
       Rapier            |       |       |       |       |       |       |   710 |   349 |       ||  1059
       Demon whip        |       |       |       |       |       |       |       |   549 |     7 ||   556
       Demon blade       |       |       |       |       |       |       |       |   445 |   183 ||   628
       Cutlass           |       |       |       |       |       |       |       |       |   431 ||   431
 Fire: Hunting sling     |    39 |   132 |   232 |   465 |   109 |       |       |       |       ||   977
       Fustibalus        |       |       |       |       |   673 |  1145 |  1241 |  1391 |  1359 ||  5809
Throw: Dart              |       |     9 |       |       |       |       |       |       |       ||     9
       Boomerang         |       |       |     2 |       |       |       |       |       |       ||     2
 Cast: Gell's Gravitas   |       |       |       |       |       |       |       |     1 |       ||     1
Invok: Heroism           |       |     1 |     2 |    13 |    18 |    17 |    11 |    27 |     8 ||    97
       Finesse           |       |       |       |     7 |    14 |    15 |    12 |    20 |     9 ||    77
 Abil: Evoke Berserk Rag |       |       |       |       |       |       |       |     1 |       ||     1
Evoke: Wand              |       |       |       |     8 |    16 |    27 |    20 |    13 |     5 ||    89
       Lightning rod     |       |       |       |       |    10 |     7 |    10 |    26 |     6 ||    59
       Phial of floods   |       |       |       |       |     1 |       |       |       |     1 ||     2
       Phantom mirror    |       |       |       |       |       |       |     1 |       |       ||     1
       Box of beasts     |       |       |       |       |       |       |       |     5 |     1 ||     6
  Use: Scroll            |     1 |    14 |     5 |    20 |     6 |     9 |    16 |    13 |     9 ||    93
       Potion            |       |     2 |     3 |     4 |     5 |     9 |     5 |    17 |    11 ||    56
 Stab: Sleeping          |     2 |       |     2 |     4 |     2 |    10 |     2 |       |     5 ||    27
       Invisible         |       |       |     1 |     1 |       |       |       |       |       ||     2
       Confused          |       |       |       |     3 |     5 |     7 |       |       |       ||    15
       Petrified         |       |       |       |       |     3 |       |       |       |       ||     3
       Paralysed         |       |       |       |       |     2 |     2 |       |       |       ||     4
       Distracted        |       |       |       |       |       |       |     1 |       |     2 ||     3
Armor: Leather armour    |     6 |    30 |       |       |       |       |       |       |       ||    36
       Scale mail        |       |    12 |    72 |    58 |       |       |       |       |       ||   142
       Swamp dragon scal |       |       |       |    42 |   106 |   429 |   243 |       |       ||   820
       Skin              |       |       |       |     5 |       |     3 |       |       |       ||     8
       Troll leather arm |       |       |       |       |    28 |    57 |       |       |       ||    85
       Ring mail         |       |       |       |       |       |       |    14 |   223 |       ||   237
       Acid dragon scale |       |       |       |       |       |       |       |    37 |   177 ||   214
Dodge: Dodged            |    56 |   160 |   130 |   443 |   641 |  2491 |  1210 |  1663 |  1019 ||  7813
Block: Buckler           |       |    12 |    76 |   268 |   358 |  1130 |   560 |   717 |   470 ||  3591
       Rpst.: Scimitar   |       |       |       |       |       |   140 |    50 |       |       ||   190
       Falchion          |       |       |       |       |       |       |    31 |       |       ||    31
       Demon blade       |       |       |       |       |       |       |       |    81 |    36 ||   117

Table legend: (Time is in decaauts)
 A = Elapsed time spent in this place.
 B = Non-inter-level travel time spent in this place.
 C = Inter-level travel time spent in this place.
 D = Time resting spent in this place.
 E = Time spent auto-exploring this place.
 F = Levels seen in this place.
 G = Mean time per level.
                   A        B        C        D        E       F      G
               +--------+--------+--------+--------+--------+-----+--------+
         Total |  78806 |  73089 |   5717 |  22445 |  30006 |  50 | 1576.1 |
       Dungeon |  19200 |  16219 |   2981 |   3132 |   8131 |  15 | 1280.0 |
        Temple |    243 |    218 |     25 |      0 |    185 |   1 |  243.0 |
          Lair |   7289 |   6420 |    869 |    529 |   4062 |   6 | 1214.8 |
         Swamp |   5486 |   5251 |    235 |    964 |   2664 |   4 | 1371.5 |
   Spider Nest |   8994 |   8600 |    394 |   3279 |   3182 |   4 | 2248.5 |
  Orcish Mines |   2350 |   2179 |    171 |    198 |   1124 |   2 | 1175.0 |
        Vaults |  12295 |  11721 |    574 |   4576 |   4710 |   4 | 3073.8 |
        Depths |  18396 |  17931 |    465 |   8785 |   4841 |   5 | 3679.2 |
          Hell |    155 |    155 |      0 |     29 |      0 |   1 |  155.0 |
         Abyss |   2220 |   2220 |      0 |     62 |    837 |   6 |  370.0 |
      Ice Cave |    746 |    746 |      0 |    206 |     96 |   1 |  746.0 |
        Wizlab |   1426 |   1426 |      0 |    681 |    171 |   1 | 1426.0 |
               +--------+--------+--------+--------+--------+-----+--------+

Top non-repeatable levels by time:
Depths:2: 7041 daAuts
Vaults:3: 4096 daAuts
Depths:1: 3698 daAuts
Vaults:4: 3416 daAuts
Spider:4: 3289 daAuts
Depths:3: 3147 daAuts
Vaults:2: 2543 daAuts
Spider:1: 2467 daAuts
Depths:4: 2440 daAuts
Vaults:1: 2239 daAuts
Depths:5: 2067 daAuts
     D:1: 2067 daAuts
  Lair:6: 2036 daAuts
     D:5: 1991 daAuts
   Orc:2: 1777 daAuts
